 Dungeon Crawl Stone Soup version 0.31-a0-303-gdc8c9485ea (webtiles) character file.

Game seed: 13102673896358843374

170 Zonian the Sneak (level 5, -5/27 HPs)
             Began as a Spriggan Brigand on July 16, 2023.
             Splashed by a jelly's acid (8 damage)
             ... on level 4 of the Dungeon.
             The game lasted 00:06:28 (3658 turns).

Zonian the Sneak (Spriggan Brigand)                 Turns: 3658, Time: 00:06:31

Health: -5/27      AC:  1    Str:  7    XL:     5   Next: 26%
Magic:  6/6        EV: 17    Int: 12    God:
Gold:   141        SH:  4    Dex: 19    Spells: 4/4 levels left

rFire   . . .        a - +3 dagger
rCold   . . .        h - +0 buckler
rNeg    . . .        b - +0 robe
rPois   .            j - +2 hat
rElec   .            c - +0 cloak
rCorr   .            (gloves unavailable)
SInv    +            (boots unavailable)
Will    .....        q - amulet of magic regeneration
Stlth   ++++         (no ring)
HPRegen 0.24/turn    (no ring)
MPRegen 0.50/turn

%: no passive effects
@: corroded, very quick
A: very small, no large weapons, unfitting armour, see invisible, speed 3
a: no special abilities


You were on level 4 of the Dungeon.
You visited 1 branch of the dungeon, and saw 4 of its levels.

You collected 141 gold pieces.

Inventory:

Hand Weapons
 a - a +3 dagger (weapon)
 s - a +0 short sword
Missiles
 d - 14 poisoned darts (quivered)
 e - 3 curare-tipped darts
Armour
 b - a +0 robe (worn)
 c - a +0 cloak (worn)
 h - a +0 buckler (worn)
 j - a +2 hat (worn)
Jewellery
 q - an amulet of magic regeneration (around neck)
Potions
 f - a potion of lignification
 i - a potion of haste
 k - a potion of attraction
 l - a potion of heal wounds {unknown}
 n - 2 potions of curing
 o - a potion of enlightenment {unknown}
 t - a potion of degeneration
 v - a potion of resistance {unknown}


   Skills:
 + Level 2.5 Fighting
 + Level 3.2 Short Blades
 - Level 2.9 Throwing
 + Level 3.1 Dodging
 + Level 6.9 Stealth


You had 4 spell levels left.
You didn't know any spells.
Your spell library contained the following spells:

 Spells                   Type           Power      Damage    Failure   Level
 Apportation              Tloc           0%         N/A       50%         1
 Necrotise                Necr           0%         1d4       50%         1
 Summon Small Mammal      Summ           0%         N/A       50%         1
 Vhi's Electric Charge    Tloc/Air       0%         N/A       86%         3
 Arcjolt                  Conj/Air       0%         1d10      100%        5
 Plasma Beam              Fire/Air       0%         2x1d10    100%        6


Dungeon Overview and Level Annotations

Branches:
Dungeon (4/15)
 Temple: D:4-7

Altars:
Dithmenos

Shops:
D:2 *

Annotations:
D:3 1 runed translucent door, Crazy Yiuf


Innate Abilities, Weirdness & Mutations

You are very small and have problems with some larger weapons.
You are too small for most types of armour.
You have supernaturally acute eyesight. (SInv)
You cover ground extremely quickly. (Speed+++)


Message History

It is a scroll of enchant weapon.
Your +2 dagger glows red for a moment.
Unknown command.
g - a scroll of identify
Found a stone staircase leading up.
Unknown command.
As you read the scroll of identify, it crumbles to dust.
k - a potion of attraction You now have 141 gold pieces (gained 10).
A jelly comes into view.
The jelly quivers.
The jelly moves out of view.
Unknown command.
Found a scroll labelled EMIAWK NABEF.
You hit the jelly.
Your hands burn!
The jelly is lightly wounded.
The jelly barely misses you.
You hit the jelly.
Your hands burn!
The jelly is moderately wounded.
You hit the jelly.
Your hands burn!
The jelly is heavily wounded.
The jelly closely misses you.
You hit the jelly.
Your hands burn!
The jelly is severely wounded.
You block the jelly's attack.
You hit the jelly. The acid corrodes you!
Your hands burn!
The jelly is severely wounded.
The jelly completely misses you.
You are too injured to fight recklessly!
You hit the jelly.
Your hands burn!
* * * LOW HITPOINT WARNING * * *
The jelly is almost dead.
The jelly misses you.
You hit the jelly but do no damage.
Your hands burn!
* * * LOW HITPOINT WARNING * * *
The jelly is severely wounded.
The jelly hits you.
* * * LOW HITPOINT WARNING * * *
You are splashed with acid!
You die...

##......##..# #..#
###########.# ##.#
.# *.# #.# .# *.#
#.# ,# *.# #.# ,*
*.# #.# ** *,* #.#
* *,* #.#
***************#@#
,,,,,,,,,......J.#
,,,,,,,,,..?.....#
,,,,,,,,,........#
,********#########
,* *,* ,* *,* ,*
*,* ,* *,*


You could see a jelly.

Vanquished Creatures
  A hound (D:3)
  4 gnolls (D:3)
  5 adders
  2 worms
  A dart slug (D:3)
  4 endoplasms
  3 giant cockroaches
  6 hobgoblins
  A quokka (D:1)
  10 ball pythons
  7 bats
  A frilled lizard (D:3)
  5 goblins
  2 kobolds
  4 rats
56 creatures vanquished.

Notes
Turn   | Place    | Note
-------+----------+-------------------------------------------
     0 | D:1      | Zonian the Spriggan Brigand began the quest for the Orb.
     0 | D:1      | Reached XP level 1. HP: 10/10 MP: 2/2
   154 | D:1      | Reached skill level 6 in Stealth
   195 | D:1      | Reached XP level 2. HP: 15/15 MP: 3/3
   568 | D:2      | Reached XP level 3. HP: 18/18 MP: 4/4
   649 | D:2      | Found Xeawufu's General Store.
  1787 | D:3      | Reached XP level 4. HP: 17/23 MP: 5/5
  2339 | D:3      | Reached XP level 5. HP: 8/27 MP: 6/6
  3033 | D:3      | Found a shadowy altar of Dithmenos.
  3175 | D:3      | Found a runed translucent door.
  3176 | D:3      | Noticed Crazy Yiuf
  3658 | D:4      | Splashed by a jelly's acid

Illustrated notes

Levels and vault maps discovered:
D:1:      lightli_arrival_quake, layout_rooms, hangedman_decor_clover_reticule
D:2:      layout_basic, serial_shops, nicolae_shop_advertising_works
          [nicolae_subvault_shop_adworks]
D:3:      layout_loops_ring, nicolae_overflow_crystal_walls,
          uniq_crazy_yiuf_cottage
D:4:      layout_loops_ring, serial_co_window_serial,
          co_window_of_opportunity_a, co_window_corner_a, co_window_corner_a,
          co_window_paths_b, co_window_paths_a, co_window_corner_b,
          co_window_cross_3, co_window_unsneaky_path_e, co_window_2corner,
          co_window_2corner, co_window_broadway_c, co_window_paths_d,
          glass_columns_a, glass_columns_b, feat_on_display

Skill      XL: |  1  2  3  4 |
---------------+-------------+-----
Stealth        | 6 |  6.9
Dodging        | 2 3 |  3.1
Fighting       | 2 |  2.5
Short Blades   | 3 |  3.2
Throwing       | |  2.9

Action                     |  1- 3 |  4- 6 || total
---------------------------+-------+-------++-------
  Melee: Dagger            |    85 |    98 ||   183
  Throw: Dart              |       |     8 ||     8
    Use: Potion            |       |     1 ||     1
         Scroll            |       |     9 ||     9
   Stab: Sleeping          |    13 |     5 ||    18
 Armour: Robe              |    11 |     3 ||    14
  Dodge: Dodged            |    48 |    56 ||   104
  Block: Buckler           |     9 |    16 ||    25

Table legend: (Time is in decaauts)
 A = Elapsed time spent in this place.
 B = Non-inter-level travel time spent in this place.
 C = Inter-level travel time spent in this place.
 D = Time resting spent in this place.
 E = Time spent auto-exploring this place.
 F = Levels seen in this place.
 G = Mean time per level.
                   A        B        C        D        E       F      G
               +--------+--------+--------+--------+--------+-----+--------+
         Total |   2811 |   2767 |     44 |   1262 |   1007 |   4 |  702.8 |
       Dungeon |   2811 |   2767 |     44 |   1262 |   1007 |   4 |  702.8 |
               +--------+--------+--------+--------+--------+-----+--------+

Top non-repeatable levels by time:
     D:2: 1165 daAuts
     D:3: 1097 daAuts
     D:4: 275 daAuts
     D:1: 273 daAuts
